 Dungeon Crawl Stone Soup version 0.21.1-1-g345015f (webtiles) character file.

143 eccles the Bolt Thrower (level 5, -12/42 HPs)
             Began as a Centaur Hunter on July 10, 2018.
             Mangled by an ogre
             ... wielding a +0 giant spiked club
              (15 damage)
             ... on level 4 of the Dungeon on July 11, 2018.
             The game lasted 00:22:44 (4238 turns).

eccles the Bolt Thrower (Centaur Hunter)            Turns: 4238, Time: 00:22:45

Health: -12/42     AC: 10    Str: 16    XL:     5   Next: 4%
Magic:  5/5        EV: 12    Int: 10    God:
Gold:   237        SH:  0    Dex: 14    Spells: 4/4 levels left

rFire    . . .     SeeInvis .   b - +0 short sword
rCold    . . .     Gourm    .   (no shield)
rNeg     . . .     Faith    .   e - +0 ring mail
rPois    .         Spirit   .   (no helmet)
rElec    .         Reflect  .   (no cloak)
rCorr    .         Harm     .   (no gloves)
MR       .....                  o - +1 centaur barding
Stlth    +.........             (no amulet)
HPRegen  0.14/turn              (no ring)
MPRegen  0.09/turn              (no ring)

@: agile, very quick
A: large, hooves 3, deformed body, speed 2, tough skin 3
a: no special abilities


You were on level 4 of the Dungeon.
You were not hungry.

You visited 1 branch of the dungeon, and saw 4 of its levels.

You collected 237 gold pieces.

Inventory:

Hand Weapons
 a - a +2 hand crossbow
 b - a +0 short sword (weapon)
Armour
 c - a +0 leather armour
 e - a +0 ring mail (worn)
 o - a +1 centaur barding (worn)
Jewellery
 d - an uncursed amulet of magic regeneration
 l - a cursed ring of teleportation
Wands
 n - a wand of disintegration (20)
Scrolls
 g - 4 scrolls of identify
 i - 2 scrolls of blinking
 j - 2 scrolls of amnesia
 m - 2 scrolls of teleportation
Comestibles
 f - 2 rations


   Skills:
 + Level 2.3 Fighting
 + Level 0.5 Short Blades
 * Level 6.3 Crossbows
 + Level 0.4 Throwing
 + Level 0.6 Armour
 + Level 1.7 Dodging
 + Level 0.4 Stealth


You had 4 spell levels left.
You didn't know any spells.

Dungeon Overview and Level Annotations

Branches:
Dungeon (4/15)
 Temple: D:4-7

Altars:
Cheibriados
Fedhas

Annotations:
D:4 2BAD's ghost, amateur DsFi


Innate Abilities, Weirdness & Mutations

You have hooves in place of feet.
Armour fits poorly on your strangely shaped body.
You cover ground very quickly.
You have extremely tough skin. (AC +3)


Message History

Aim: an ogre, wielding a giant spiked club (heavily wounded)
You throw a tomahawk. The tomahawk hits the ogre.
The ogre is severely wounded.
The ogre hits you with a giant spiked club.
The orc barely misses you.
Firing (i - inventory): No suitable missiles.
Press: ? - help, Shift-Dir - straight line, f/p - ogre
Aim: an ogre, wielding a giant spiked club (severely wounded)
Okay, then.
b - a +0 short sword (weapon)
The orc hits you but does no damage.
The ogre hits you with a giant spiked club!!
* * * LOW HITPOINT WARNING * * *
It was a potion of agility.
You feel agile all of a sudden. The orc barely misses you.
You hit the ogre. You kick the ogre.
The ogre is almost dead.
The ogre hits you with a giant spiked club!
You die...

.# #.# #.# # # .# #.# #.# .#
#.# #.# ## #.# #.###### #.#
....... .. ##.# #....# .# #
#..# ##(# .##.##.
#.#####.####(## #......
##.#.....oo@O$.###..##.##
######....###.#####..#........
..........# ###.......#
######...## ##.#.#.## ##.##
#..###.# #.# #.#.#.# #.#
...##.# #.# ######.# #.# #.#


You could see an ogre and 2 orcs.

Vanquished Creatures
  A scorpion (D:4)
  A howler monkey skeleton (D:4)
  An adder (D:4)
  An adder skeleton (D:4)
  2 worms (D:2)
  A dart slug (D:4)
  3 leopard geckos
  4 orcs (D:4)
  3 giant cockroaches
  6 goblins
  4 hobgoblins
  4 jackals (D:2)
  A quokka (D:3)
  9 bats
  4 frilled lizards
  10 kobolds
  5 rats
60 creatures vanquished.

Notes
Turn   | Place    | Note
-------+----------+-------------------------------------------
     0 | D:1      | eccles the Centaur Hunter began the quest for the Orb.
     0 | D:1      | Reached XP level 1. HP: 17/17 MP: 1/1
   329 | D:1      | Reached XP level 2. HP: 18/24 MP: 2/2
   365 | D:1      | Reached skill level 5 in Crossbows
   825 | D:2      | Reached XP level 3. HP: 10/29 MP: 3/3
  2019 | D:3      | Found a blossoming altar of Fedhas.
  2095 | D:3      | Found a snail-covered altar of Cheibriados.
  2471 | D:4      | Noticed 2BAD's ghost (amateur DsFi)
  3226 | D:4      | Reached XP level 4. HP: 36/36 MP: 4/4
  3263 | D:4      | Reached skill level 6 in Crossbows
  3769 | D:4      | Reached XP level 5. HP: 35/42 MP: 5/5
  3884 | D:4      | Noticed a phantom
  4228 | D:4      | Noticed an ogre
  4238 | D:4      | Mangled by an ogre

Skill      XL: |  1  2  3  4 |
---------------+-------------+-----
Crossbows      | 5 6 |  6.3
Fighting       | |  2.3
Short Blades   | |  0.5
Throwing       | |  0.4
Armour         | |  0.6
Dodging        | |  1.7
Stealth        | |  0.4

Action                   |  1- 3 |  4- 6 || total
-------------------------+-------+-------++-------
Melee: Short sword       |    53 |    49 ||   102
       Kick              |    12 |    12 ||    24
 Fire: Hand crossbow     |    93 |     2 ||    95
Throw: Tomahawk          |    14 |     5 ||    19
  Use: Scroll            |     9 |     1 ||    10
       Potion            |     3 |     2 ||     5
  Eat: Chunk             |     2 |       ||     2
       Ration            |     1 |     1 ||     2
Armor: Leather armour    |     9 |       ||     9
       Ring mail         |    65 |    20 ||    85
Dodge: Dodged            |    58 |    12 ||    70
